 Dungeon Crawl Stone Soup version 0.30-a0-585-g93115170b9 (webtiles) character file.

Game seed: 14680279636267516864

8 OTABOTABOTAB the Insei (level 2, 17/21 HPs)
             Began as a Demonspawn Transmuter on Jan 2, 2023.
             Quit the game on level 1 of the Dungeon.
             The game lasted 00:00:49 (433 turns).

OTABOTABOTAB the Insei (Demonspawn Transmuter)       Turns: 433, Time: 00:00:49

Health: 17/21      AC:  3    Str: 10    XL:     2   Next: 0%
Magic:  3/5        EV: 12    Int: 14    God:
Gold:   22         SH:  0    Dex: 13    Spells: 4/5 levels left

rFire   . . .      SeeInvis .      - Unarmed
rCold   . . .      Faith    .    (no shield)
rNeg    . . .      Spirit   .    a - +0 robe
rPois   .          Reflect  .    (helmet currently unavailable)
rElec   .          Harm     .    d - +0 cloak
rCorr   .          Rampage  .    (no gloves)
Will    .....                    (boots currently unavailable)
Stlth   +                        (no amulet)
HPRegen 0.23/turn                (no ring)
MPRegen 0.09/turn                (no ring)

@: appendages (expiring)
A: ([horns 0]), talons 2, antennae 1
a: End Transformation


You were on level 1 of the Dungeon.
You had temporarily grown beastly horns and talons.
You visited 1 branch of the dungeon, and saw 1 of its levels.

You collected 22 gold pieces.

Inventory:

Hand Weapons
 b - a +0 dagger
   (You found it on level 1 of the Dungeon)
 c - a +0 spear
   (You found it on level 1 of the Dungeon)
 f - a +0 whip
   (You found it on level 1 of the Dungeon)
 g - a +0 sling
   (You found it on level 1 of the Dungeon)
Armour
 a - a +0 robe (worn)
 d - a +0 cloak (worn)
   (You found it on level 1 of the Dungeon)
Potions
 e - a potion of might {unknown}
 P - a potion of lignification {!q}


   Skills:
 + Level 1.1 Fighting
 + Level 1.9 Dodging
 * Level 2.9 Unarmed Combat
 + Level 2.1 Spellcasting
 + Level 1.9 Transmutations


You had 4 spell levels left.
You knew the following spells:

 Your Spells              Type           Power      Damage    Failure   Level
a - Beastly Appendage     Tmut           12%        N/A       11%         1

Your spell library contained the following spells:

 Spells                   Type           Power      Damage    Failure   Level
 Wereblood                Tmut           6%         N/A       16%         2
 Apportation              Tloc           2%         N/A       24%         1
 Necrotise                Necr           4%         1d4       24%         1
 Summon Small Mammal      Summ           4%         N/A       24%         1
 Spider Form              Tmut/Pois      4%         N/A       43%         3
 Ice Form                 Ice/Tmut       4%         N/A       85%         4


Dungeon Overview and Level Annotations

Branches:
Dungeon (1/15)

Altars:


Innate Abilities, Weirdness & Mutations

You have temporarily grown beastly horns and talons.
You have a pair of small antennae on your head.


Message History

You miss the frilled lizard. You claw the frilled lizard.
You kill the frilled lizard!
No target in view!
No target in view!
No target in view!
Unknown command.
Your horns disappear.
Your talons disappear.
A frilled lizard comes into view.
Health restored: 15; MP restored: 3 A frilled lizard is nearby!
A frilled lizard is nearby!
You see here 17 gold pieces.
The frilled lizard hisses angrily.
You miscast Beastly Appendage.
You are very lightly contaminated with residual magic.
Nothing appears to happen.
You now have 2/3 mp.
The frilled lizard barely misses you.
You hit the frilled lizard. The frilled lizard bites you.
You take 2 damage, and have 13/15 hp.
You hit the frilled lizard.
You kill the frilled lizard!
Unknown command.
No target in view!
No target in view!
Your magical contamination has completely faded away.
Health restored: 15 You now have 22 gold pieces (gained 17).
You open the door.
Found an escape hatch in the floor.
MP restored: 3 You pick up a book of Cantrips and begin reading...
You add the spells Necrotise, Summon Small Mammal and Apportation to your library.
g - a +0 sling No target in view!
A jackal comes into view.
The jackal barks!
A jackal comes into view.
There are monsters nearby!
There are monsters nearby!
The jackal barks!
The jackal attacks as you move away! The jackal barely misses you.
The jackal attacks as you move away! The jackal bites you.
The jackal misses you.
You take 1 damage, and have 14/15 hp.
You grow a pair of large bovine horns.
Your feet morph into talons.
The jackal barely misses you.
You now have 2/3 mp.
You barely miss the jackal. Your headbutt misses the jackal.
The jackal closely misses you. x2
You closely miss the jackal. The jackal bites you.
You take 1 damage, and have 13/15 hp.
You barely miss the jackal. The jackal closely misses you.
You hit the jackal. You claw the jackal.
You kill the jackal!
The jackal bites you but does no damage.
You barely miss the jackal.
Your transformation is almost over.
The jackal bites you.
You take 2 damage, and have 12/15 hp.
You barely miss the jackal.
The jackal bites you but does no damage.
You closely miss the jackal. The jackal bites you. x2
You take 2 damage, and have 10/15 hp.
You hit the jackal. Your kick misses the jackal. The jackal bites you.
You take 1 damage, and have 9/15 hp.
You are too injured to fight recklessly!
You are too injured to fight recklessly!
You are too injured to fight recklessly!
You are too injured to fight recklessly!
You are too injured to fight recklessly!
You are too injured to fight recklessly!
You barely miss the jackal. You headbutt the jackal.
You kill the jackal!
You see here a jackal corpse.
Your horns disappear.
Your talons disappear.
A jackal comes into view.
You regained 5 hp, and now have 14/15 hp.
MP restored: 3 A jackal is nearby!
You grow a pair of large bovine horns.
Your feet morph into talons.
You now have 2/3 mp.
Your transformation is almost over.
The jackal misses you.
You hit the jackal. Your kick misses the jackal. The jackal bites you.
You take 2 damage, and have 12/15 hp.
You closely miss the jackal. The jackal closely misses you.
The jackal barely misses you.
You barely miss the jackal. Your kick misses the jackal.
The jackal closely misses you.
Unknown command.
You barely miss the jackal. You claw the jackal, but do no damage.
Your headbutt misses the jackal. The jackal barely misses you.
You hit the jackal.
You kill the jackal!
You have reached level 2!
Your demonic ancestry asserts itself...
The horns on your head shrink a bit. The horns on your head shrink away.
A pair of antennae grows on your head!
You regained 5 hp, and now have 17/21 hp.

.##........
..........###.#
...........##.# ..#
.......$...........
#........##.##..#
#..>............# #
##.#.....##.##..#.#
#†#h....##.##..#.# #
#@#...#.##.##.....
##.###.#...............
#....†.............##..
##.###.##..#.##.##.#...
........#........#.#...
#.. ...............+.....
###..###.##..#....#####..
#. #.##.......#'..... #
...........######..


There were no monsters in sight!

Vanquished Creatures
  2 giant cockroaches (D:1)
  3 jackals (D:1)
  2 frilled lizards (D:1)
7 creatures vanquished.

Notes
Turn   | Place    | Note
-------+----------+-------------------------------------------
     0 | D:1      | OTABOTABOTAB the Demonspawn Transmuter began the quest for
                  | the Orb.
     0 | D:1      | Reached XP level 1. HP: 15/15 MP: 3/3
   433 | D:1      | Lost mutation: You have a pair of horns on your head.
                  | [demonic ancestry]
   433 | D:1      | Lost mutation: You have a pair of small horns on your head.
                  | [demonic ancestry]
   433 | D:1      | Gained mutation: You have a pair of small antennae on your
                  | head. [demonic ancestry]
   433 | D:1      | Reached XP level 2. HP: 17/21 MP: 3/5
   433 | D:1      | Quit the game

Illustrated notes

Levels and vault maps discovered:
D:1:      dpeg_arrival_stonehenge_8_columns, layout_basic,
          hellmonk_ecumenical_altar_run_dry, nrook_mini_backslash

Action                   || total
-------------------------++-------
Melee: Unarmed           ||    35
       Kick              ||     4
       Headbutt          ||     3
 Cast: Beastly Appendage ||     5
 Abil: End Transformatio ||     3
Armor: Robe              ||     5
Dodge: Dodged            ||    21

Table legend: (Time is in decaauts)
 A = Elapsed time spent in this place.
 B = Non-inter-level travel time spent in this place.
 C = Inter-level travel time spent in this place.
 D = Time resting spent in this place.
 E = Time spent auto-exploring this place.
 F = Levels seen in this place.
 G = Mean time per level.
                   A        B        C        D        E       F      G
               +--------+--------+--------+--------+--------+-----+--------+
         Total |    431 |    431 |      0 |      0 |    347 |   1 |  431.0 |
       Dungeon |    431 |    431 |      0 |      0 |    347 |   1 |  431.0 |
               +--------+--------+--------+--------+--------+-----+--------+

Top non-repeatable levels by time:
     D:1: 431 daAuts

Table legend:
 A = Kills in this place as a percentage of kills in entire the game.
 B = Kills by you in this place as a percentage of kills by you in the entire game.
 C = Kills by friends in this place as a percentage of kills by friends in the entire game.
 D = Other kills in this place as a percentage of other kills in the entire game.
 E = Experience gained in this place as a percentage of experience gained in the entire game.
 F = Experience gained in this place divided by the number of levels of this place that you have seen.
                   A       B       C       D       E      F
               +-------+-------+-------+-------+-------+----------------------
         Total | 100.0 | 100.0 |   N/A |   N/A | 100.0 |  12.0
       Dungeon | 100.0 | 100.0 |   N/A |   N/A | 100.0 |  12.0
               +-------+-------+-------+-------+-------+----------------------
